Unix NetHack Version 3.7.0-62 Work-in-progress - last build Aug 7 2022 04:32:40 (f254b98e4f4e6c2f4e816e90bd3419c5233a8e5f,branch:master). Game began 2022-08-09 08:53:44, ended 2022-08-09 09:18:33. Colobot, neutral male human Wizard ########## -------------- #----- 0#####+............| ----- #....| ##|............| |$..| ----------- ######|...| ##.............| |@..| |.........| ######-..>| ##----.--------- |...+#####|........^.## ### ----- # --.-- #-.........| #### #----------# ###### # #|.........| #########.........|# # ## ##|.........| |.........# # # # |.........| |........| --.---- # # ----------- |........| |.....| # ## ---------- |.....| # # |..<..| # # |.....| ---.- ## |.....| |...|## ------- |...|# |...-# ----- Colobot the Conjurer St:9 Dx:15 Co:13 In:18 Wi:7 Ch:13 Neutral Dlvl:6 $:133 HP:0(30) Pw:25(34) AC:8 Xp:4/118 T:1874 Latest messages: The spell hits the rothe! You kill the rothe! You see here a rothe corpse. There is a rothe corpse here; eat it? [ynq] (n) Blecch! Rotten food! You feel rather light headed. You finish eating the rothe corpse. You feel less confused now. In what direction? The spell hits the giant ant! You kill the giant ant! Zofia eats a giant ant corpse. You descend the stairs. With great effort you move the boulder. You try to move the boulder, but in vain. You hear some noises. You descend the stairs. You see here a flail. You climb up the stairs. $ - 7 gold pieces (118 in total). You hear a distant explosion. In what direction? The door opens. I - a potion of paralysis. You hit the ghoul! The ghoul hits! The ghoul hits! In what direction? The spell hits it. You destroy it! You swap places with Zofia. KAABLAMM!!! You triggered a land mine! Your movements are slowed slightly because of your load. You fall into a pit! You are still in a pit. You crawl to the edge of the pit. You have a little trouble lifting $ - 15 gold pieces (133 in total). You find a hidden door. In what direction? This door is locked. Your legs are in no shape for kicking. You swap places with Zofia. In what direction? The door opens. Your legs feel better. Your movements are now unencumbered. J - a scroll labeled GNIK SISI VLE. A rock piercer suddenly drops from the ceiling! You are hit by a falling rock piercer! You die... Major events: Turn 1: Colobot the neutral male human Wizard entered the dungeon 734: entered the Gnomish Mines 1294: attained the rank of Conjurer (level 3) 1874: killed by a rock piercer Inventory: Weapons (')') p - 12 uncursed +0 darts named ammo (at the ready) A - an uncursed +0 axe a - a blessed +1 quarterstaff (weapon in hands) u - an uncursed +0 guisarme Armor ('[') H - an uncursed +0 alchemy smock with text "I am an alchemist; if you see me running, try to catch up..." b - a blessed +1 cloak of magic resistance (being worn) Comestibles ('%') s - an uncursed fortune cookie w - an uncursed tripe ration G - an uncursed lichen corpse Scrolls ('?') x - an uncursed scroll of blank paper J - an uncursed scroll of enchant weapon j - an uncursed scroll of identify D - an uncursed scroll of remove curse i - an uncursed scroll of teleportation y - a cursed scroll of teleportation Spellbooks ('+') l - a blessed spellbook of force bolt m - a blessed spellbook of stone to flesh Potions ('!') I - a blessed potion of paralysis C - 4 uncursed potions of water Rings ('=') d - an uncursed +1 ring of gain constitution e - an uncursed ring of poison resistance F - an uncursed ring of slow digestion Wands ('/') c - an uncursed wand of teleportation (0:6) Tools ('(') r - a blessed wax candle Gems/Stones ('*') t - an uncursed worthless piece of blue glass n - 2 uncursed worthless pieces of white glass Colobot the Wizard's attributes: Background: You were a Conjurer, a level 4 male human Wizard. You were neutral, on a mission for Thoth who was opposed by Ptah (lawful) and Anhur (chaotic). You were in the Dungeons of Doom, on level 6. You entered the dungeon 1874 turns ago. You had 118 experience points, 42 more were needed to attain level 5. Basics: You had 0 out of 30 hit points. You had 25 out of 34 energy points (spell power). Your armor class was 8. Your wallet contained 133 zorkmids. Autopickup was on for '$%?!"=/*', with exceptions. Final Characteristics: Your strength was 9 (limit:18/100). Your dexterity was 15 (limit:18). Your constitution was 13 (limit:18). Your intelligence was 18 (limit:18). Your wisdom was 7 (limit:18). Your charisma was 13 (limit:18). Final Status: You were not hungry. You were unencumbered. You were wielding a quarterstaff. You had basic skill with quarterstaff. Final Attributes: You were devoutly aligned. You were magic-protected. You were warded. You are dead. Miscellaneous: You never encountered a bones level. Total elapsed playing time was 24 minutes and 48 seconds. Vanquished creatures: a shrieker a ghoul 2 giant ants a rothe 2 giant bats an orc zombie a werejackal an iguana an acid blob a hobgoblin a red mold a gnome zombie 2 geckos 3 jackals 2 foxes a kobold 2 grid bugs 3 lichens 7 newts 34 creatures vanquished. No species were genocided or became extinct. Voluntary challenges: You read items or engraved 1 time. You never engraved Elbereth. You never genocided any monsters. You never polymorphed an object. You never changed form. You used no wishes. Achievements: You entered the Gnomish Mines. You attained the rank of Conjurer. The Dungeons of Doom: levels 1 to 7 Level 1: A fountain, a grave. Level 2: A fountain. Level 3: A fountain. Stairs down to The Gnomish Mines. Level 4: An altar, a fountain. Level 5: Some fountains. Level 6: <- You were here. Final resting place for you, killed by a rock piercer. Level 7: The Gnomish Mines: Level 4: Game over: ---------- / \ / REST \ / IN \ / PEACE \ / \ | Colobot | | 133 Au | | killed by a rock | | piercer | | | | | | 2022 | *| * * * | * _________)/\\_//(\/(/\)/\//\/|_)_______ Goodbye Colobot the Wizard... You died in The Dungeons of Doom on dungeon level 6 with 892 points, and 133 pieces of gold, after 1874 moves. You were level 4 with a maximum of 30 hit points when you died.